 Dungeon Crawl Stone Soup version 0.13.0-29-gdb529de (webtiles) character file.

643 M4edhros the Ducker (level 7, -3/44 HPs)
             Began as an Octopode Artificer on Nov 14, 2013.
             Was a Believer of Fedhas.
             Killed from afar by Blork the orc (7 damage)
             ... with a puff of flame
             ... on Level 4 of the Dungeon.
             The game lasted 00:05:39 (3884 turns).

M4edhros the Ducker (Octopode Artificer)            Turns: 3884, Time: 00:05:39

HP  -3/44        AC  1     Str 11      XL: 7   Next:  0%
MP  10/10        EV 15     Int 16      God: Fedhas [**....]
Gold 209         SH  0     Dex 12      Spells:  0 memorised,  6 levels left

Res.Fire  : . . .   See Invis. : .   o - +2,+0 elf whip (venom)
Res.Cold  : . . .   Warding    : .   (no shield)
Life Prot.: . . .   Conserve   : .   (helmet restricted)
Res.Poison: .       Res.Corr.  : .   (no amulet)
Res.Elec. : .       Clarity    : .   (no ring)
Sust.Abil.: . .     Spirit.Shd : .   (no ring)
Res.Mut.  : .       Stasis     : .   (no ring)
Res.Rott. : .       Flight     : .   (no ring)
Saprovore : . . .                    (no ring)
                                     (no ring)
                                     (no ring)
                                     (no ring)

@: quite poisoned, slowed, very slow, slightly resistant to hostile
enchantments, stealthy
A: almost no armour, amphibious, 8 rings, constrict 8, camouflage 1, AC +1
a: Evolution, Sunlight, Renounce Religion


You were on level 4 of the Dungeon.
You worshipped Fedhas.
Fedhas was pleased with you.
You were hungry.

You visited 1 branch of the dungeon, and saw 4 of its levels.

You collected 189 gold pieces.

Inventory:

Hand weapons
 a - a +0,+0 short sword
 o - a +2,+0 elven whip of venom (weapon)
Missiles
 m - 11 sling bullets
 p - 5 poisoned javelins (quivered)
Magical devices
 b - a wand of flame (8)
 c - a wand of enslavement (11)
 d - a wand of random effects (13)
Comestibles
 f - 5 bread rations
 j - a meat ration
 v - a choko
 z - a pear
Scrolls
 g - 2 scrolls of enchant armour
 i - 2 scrolls of recharging
 k - a scroll of fear {unknown}
 n - 3 scrolls of remove curse
 s - 2 scrolls of curse jewellery {unknown}
 t - a scroll of teleportation
 u - a scroll of amnesia {unknown}
 w - 2 scrolls of enchant weapon I {unknown}
Potions
 h - a potion of might
 l - a potion of magic


   Skills:
 - Level 1.0 Fighting
 - Level 1.0 Short Blades
 + Level 7.0 Dodging
 - Level 1.3 Stealth
 + Level 1.8 Invocations
 - Level 3.2 Evocations


You had 6 spell levels left.
You didn't know any spells.

Dungeon Overview and Level Annotations

Branches:
Dungeon (4/27)
 Temple: D:4-7

Altars:
Ashenzari
Fedhas
Kikubaaqudgha

Annotations:
D:4 Blork the orc, Duvessa


Innate Abilities, Weirdness & Mutations

You cannot wear most types of armour.
You are amphibious.
You can wear up to eight rings at the same time.
You can use your tentacles to constrict many enemies at once.
Your skin changes colour to match your surroundings (Stlth).
Your rubbery body absorbs attacks (AC +1).


Message History

Press: ? - help, Shift-Dir - straight line, f - worker ant
Aim: a worker ant The worker ant is charmed.
This wand has 12 charges left.
* * * LOW HITPOINT WARNING * * *
You feel sick.
You hear a shout!
Evoke which item? (* to show all) (? for menu, Esc to quit)
Zapping:
c - a wand of enslavement (12)
Press: ? - help, Shift-Dir - straight line, f - Blork the orc, p - worker ant
Aim: Blork the orc, wielding an orcish battleaxe and wearing an orcish robe (resting) Blork the orc shouts!
Blork the orc resists with some effort.
This wand has 11 charges left.
* * * LOW HITPOINT WARNING * * *
You feel sick.
Blork the orc gestures wildly while chanting.
Blork the orc seems to speed up.
Blork the orc gestures at you while chanting.
The puff of flame hits you!
You die...
Fedhas appreciates your contribution to the ecosystem.

... .........
...........
.............
...............
...........(...
...............
.....$......g...#
........@.......#
........a.......#
.........o<...:
...............
...............
.............
...........
......... ...


You could see Blork the orc, a goblin and a friendly worker ant.

Vanquished Creatures
  The ghost of M4edhros the Skirmisher, an average OpAr (D:4)
  An ogre (D:4)
  Crazy Yiuf (D:4)
  A scorpion (D:4)
  A worker ant (D:4)
  Jessica (D:3)
  The ghost of M4edhros the Charlatan, a weakling OpAr (D:3)
  6 adders
  4 worms
  A giant gecko (D:4)
  7 orcs (D:3)
  7 giant cockroaches
  5 goblins
  13 hobgoblins
  A ball python (D:2)
  7 bats
  A giant gecko zombie (D:3)
  4 giant newts
  6 jackals
  7 kobolds
  4 quokkas
  9 rats
89 creatures vanquished.

Vanquished Creatures (collateral kills)
  Dowan (D:4)
1 creature vanquished.

Vanquished Creatures (others)
  29 toadstools
29 creatures vanquished.

Grand Total: 119 creatures vanquished

Notes
Turn   | Place    | Note
--------------------------------------------------------------
     0 | D:1      | M4edhros, the Octopode Artificer, began the quest for the Orb.
     0 | D:1      | Reached XP level 1. HP: 14/14 MP: 1/1
   222 | D:1      | Reached XP level 2. HP: 19/19 MP: 3/3
   531 | D:2      | Reached XP level 3. HP: 22/24 MP: 4/4
   775 | D:3      | Reached skill level 4 in Dodging
   973 | D:3      | Noticed M4edhros' ghost (weakling OpAr)
   977 | D:3      | Reached XP level 4. HP: 29/29 MP: 6/6
   983 | D:3      | Killed M4edhros' ghost
  1807 | D:3      | Reached skill level 5 in Dodging
  1825 | D:3      | Reached XP level 5. HP: 34/34 MP: 7/7
  1855 | D:3      | Noticed Jessica
  1861 | D:3      | Killed Jessica
  1997 | D:4      | Noticed an ogre
  2001 | D:4      | Killed an ogre
  2084 | D:4      | Noticed M4edhros' ghost (average OpAr)
  2090 | D:4      | Killed M4edhros' ghost
  2090 | D:4      | Reached skill level 6 in Dodging
  2090 | D:4      | Reached XP level 6. HP: 39/39 MP: 9/9
  2127 | D:4      | Found an ancient bone altar of Kikubaaqudgha.
  2128 | D:4      | Found a blossoming altar of Fedhas.
  2135 | D:4      | Became a worshipper of Fedhas Madash
  2484 | D:2      | Found a shattered altar of Ashenzari.
  2981 | D:1      | Acquired Fedhas' first power
  3599 | D:4      | Reached skill level 1 in Invocations
  3600 | D:4      | Acquired Fedhas' second power
  3783 | D:4      | Noticed Crazy Yiuf
  3793 | D:4      | Killed Crazy Yiuf
  3831 | D:4      | Noticed Duvessa
  3833 | D:4      | Noticed Dowan
  3863 | D:4      | Killed Dowan
  3863 | D:4      | Reached skill level 7 in Dodging
  3863 | D:4      | Reached XP level 7. HP: 20/44 MP: 7/10
  3883 | D:4      | Noticed Blork the orc
  3884 | D:4      | Killed from afar by Blork the orc

Action                   |  1- 3 |  4- 6 |  7- 9 || total
-------------------------+-------+-------+-------++-------
Melee: Short sword       |    45 |       |       ||    45
       Whip              |     7 |   155 |       ||   162
Invok: Sunlight          |       |     1 |       ||     1
       Evolution         |       |     1 |       ||     1
Evoke: Wand              |       |    10 |     3 ||    13
  Use: Potion            |     2 |     1 |     3 ||     6
       Scroll            |       |       |     4 ||     4
 Stab: Sleeping          |     6 |     7 |       ||    13
       Distracted        |       |     1 |       ||     1
